 Dungeon Crawl Stone Soup version 0.20.1-1-g8b1a95d (webtiles) character file.

284 Peloso the Shield-Bearer (level 6, 0/56 HPs)
             Began as a Deep Dwarf Fighter on Aug 10, 2017.
             Slain by a worm (4 damage)
             ... on level 2 of the Dungeon.
             The game lasted 00:04:12 (1353 turns).

Peloso the Shield-Bearer (Deep Dwarf Fighter)       Turns: 1353, Time: 00:04:13

Health: 0/56       AC:  7    Str: 21    XL:     6   Next: 7%
Magic:  6/6        EV:  8    Int:  9    God:
Gold:   156        SH: 10    Dex: 12    Spells: 5/5 levels left

rFire    . . .     SeeInvis .   a - +0 long sword
rCold    . . .     Gourm    .   c - +0 shield
rNeg     . . .     Faith    .   b - +0 scale mail
rPois    .         Spirit   .   n - -2 helmet (curse)
rElec    .         Reflect  .   (no cloak)
rCorr    .         Harm     .   r - +0 pair of gloves
MR       .....                  (no boots)
Stlth    ..........             (no amulet)
Regen    0.0/turn               (no ring)
MPRegen  0.1/turn               (no ring)

@: non-regenerating
A: damage resistance, heal wounds, sense surroundings 1, no regeneration
a: Heal Wounds


You were on level 2 of the Dungeon.
You were not hungry.

You visited 1 branch of the dungeon, and saw 2 of its levels.

You collected 156 gold pieces.

Inventory:

Hand Weapons
 a - a +0 long sword (weapon)
Armour
 b - a +0 scale mail (worn)
 c - a +0 shield (worn)
 n - a cursed -2 helmet (worn)
 r - a +0 pair of gloves (worn)
Scrolls
 g - 3 scrolls of amnesia {unknown}
 i - 3 scrolls of teleportation {unknown}
 j - a scroll of immolation {unknown}
 m - a scroll of enchant weapon {unknown}
 q - 2 scrolls of enchant armour {unknown}
Potions
 e - a potion of haste {unknown}
 h - a potion of mutation {unknown}
 k - a potion of berserk rage {unknown}
 l - a potion of flight {unknown}
 p - a potion of heal wounds {unknown}
Comestibles
 f - 2 bread rations


   Skills:
 + Level 3.3 Fighting
 + Level 4.1 Long Blades
 + Level 4.3 Armour
 + Level 1.3 Dodging
 + Level 4.6 Shields


You had 5 spell levels left.
You didn't know any spells.

Dungeon Overview and Level Annotations

Branches:
Dungeon (2/15)

Altars:
Nemelex Xobeh
Vehumet


Innate Abilities, Weirdness & Mutations

You are resistant to damage.
You can heal yourself by infusing magical energy.
You passively map a small area around you.
You do not regenerate.


Message History

Your shield and scale mail prevent you from hitting the worm.
You block the worm's attack.
Your shield and scale mail prevent you from hitting the worm.
The worm bites you.
Your shield and scale mail prevent you from hitting the worm.
You barely miss the worm. The worm bites you but does no damage.
You hit the worm but do no damage. You block the worm's attack.
You hit the worm.
The worm is moderately wounded.
The worm bites you!
* * * LOW HITPOINT WARNING * * *
You hit the worm.
The worm is heavily wounded.
You hit the worm.
The worm is severely wounded.
You block the worm's attack.
You hit the worm.
The worm is severely wounded.
The worm bites you.
You die...

***### *.. ..# # #.# *#.# # #.#
#w# # #.# #@# # #.#####.##### #
######## #.#.........# #
.......###.#.........# #######
.......)†..+............,,.......
.......###.#.......).###***######
.......###.#.........############
......>....'....................#
######.###.#.........##########.#


You could see a worm.

Vanquished Creatures
  Sigmund (D:2)
  Terence (D:2)
  Robin (D:2)
  2 adders (D:2)
  A worm (D:2)
  4 dart slugs (D:1)
  A leopard gecko (D:2)
  5 bats
  2 giant cockroaches
  11 goblins
  9 hobgoblins
  4 jackals (D:1)
  5 kobolds
  A quokka (D:2)
  4 frilled lizards
  9 rats (D:1)
61 creatures vanquished.

Notes
Turn   | Place    | Note
-------+----------+-------------------------------------------
     0 | D:1      | Peloso the Deep Dwarf Fighter began the quest for the Orb.
     0 | D:1      | Reached XP level 1. HP: 20/20 MP: 1/1
   145 | D:1      | Reached XP level 2. HP: 24/27 MP: 2/2
   406 | D:1      | Reached XP level 3. HP: 24/33 MP: 3/3
   909 | D:2      | Noticed Terence
   931 | D:2      | Killed Terence
   931 | D:2      | Reached XP level 4. HP: 20/42 MP: 4/4
  1035 | D:2      | Found a radiant altar of Vehumet.
  1035 | D:2      | Found a sparkling altar of Nemelex Xobeh.
  1042 | D:2      | Noticed Robin
  1060 | D:2      | Killed Robin
  1278 | D:2      | Noticed Sigmund
  1299 | D:2      | Killed Sigmund
  1299 | D:2      | Reached skill level 1 in Dodging
  1299 | D:2      | Reached XP level 5. HP: 12/49 MP: 5/5
  1299 | D:2      | Reached XP level 6. HP: 14/56 MP: 6/6
  1353 | D:2      | Slain by a worm

Skill      XL: |  1  2  3  4 |
---------------+-------------+-----
Long Blades    | 3 4 |  4.1
Fighting       | 3 |  3.3
Shields        | 4 |  4.6
Armour         | 4 |  4.3
Dodging        | 1 |  1.3

Action                   |  1- 3 |  4- 6 || total
-------------------------+-------+-------++-------
Melee: Long sword        |   133 |    81 ||   214
 Abil: Heal Wounds       |       |     1 ||     1
  Use: Potion            |       |     1 ||     1
  Eat: Chunk             |       |     2 ||     2
Armor: Scale mail        |    60 |    28 ||    88
Dodge: Dodged            |    42 |    16 ||    58
Block: Shield            |    92 |    29 ||   121
       Rpst.: Long sword |    14 |     6 ||    20
